 Dungeon Sprint DCSS version 0.29.1-15-g9cfb28693d (webtiles) character file.

Game seed: 122918068299656641

1200000 Nonny the Shield-Bearer (level 1, -36/18 HPs)
             Began as a Formicid Fighter on Feb 26, 2023.
             Was a Follower of Makhleb.
             Annihilated by a meat berserker
             ... wielding a +9 battleaxe
              (54 damage)
             ... in the Dungeon (Sprint VIII: "Arena of Blood").
             The game lasted 00:00:14 (12 turns).

Nonny the Shield-Bearer (Formicid Fighter)            Turns: 12, Time: 00:00:15

Health: -36/18     AC:  6    Str: 20    XL:     1   Next: 0%
Magic:  1/1        EV:  9    Int:  7    God:    Makhleb [*.....]
Gold:   0          SH:  5    Dex: 13    Spells: 0/0 levels left

rFire   . . .      SeeInvis +   g - +∞ Axe of Woe
rCold   . . .      Faith    .   b - +0 buckler
rNeg    . . .      Spirit   .   a - +0 scale mail
rPois   .          Reflect  .   (helmet unavailable)
rElec   .          Harm     .   (no cloak)
rCorr   .          Rampage  .   (no gloves)
Will    .....                   (no boots)
Stlth   ..........              (no amulet)
HPRegen 0.06/turn               (no ring)
MPRegen 0.07/turn               (no ring)

@: no status effects
A: permanent stasis, dig shafts and tunnels, antennae 3, four strong arms
a: Dig, Renounce Religion


You were in the Dungeon.
You worshipped Makhleb.
Makhleb was aware of your devotion.
You visited 1 branch

Inventory:

Hand Weapons
 g - the +∞ Axe of Woe (weapon)
   (You found it in the Dungeon)
Armour
 a - a +0 scale mail (worn)
 b - a +0 buckler (worn)
Potions
 c - a potion of might
 d - a potion of curing
 e - a potion of heal wounds
 f - 2 potions of magic


   Skills:
 + Level 3.2 Fighting
 + Level 3.2 Armour
 + Level 4.0 Shields
 + Level 2.0 Unarmed Combat


You couldn't memorise any spells.
You didn't know any spells.
Your spell library was empty.

Dungeon Overview and Level Annotations

Branches:
Dungeon (1/1)

Altars:
Makhleb


Innate Abilities, Weirdness & Mutations

You cannot be hasted, slowed, berserked, paralysed or teleported.
You can dig through walls and to a lower floor.
You have a pair of large antennae on your head. (SInv)
Your four strong arms can wield two-handed weapons with a shield.


Message History

A meat berserker comes into view. It is wielding a +9 battleaxe.
The bag of meat moves out of view. x2 2 meat berserkers come into view.
Okay, then.
A bag of meat comes into view. It is wielding a +9 war axe.
The bag of meat shouts! x2
The meat berserker rages.
You hear a shout! x4
A bag of meat comes into view. It is wielding a +9 war axe. x2
A large bag of meat comes into view. It is wielding a +9 giant spiked club.
You hear a shout!
A large bag of meat and 3 bags of meat come into view.
The meat berserker appears out of thin air!
A meat berserker comes into view. It is wielding a +9 battleaxe.
The large bag of meat shouts in stereo!
The bag of meat shouts! x4
The meat berserker shouts!
You hear a shout! x12
A bag of meat comes into view. It is wielding a +9 war axe.
You hear a shout!
The meat berserker appears out of thin air!
A meat berserker comes into view. It is wielding a +9 battleaxe.
The meat berserker shouts!
You hear a shout! x2
The meat berserker rages.
You hear a shout! x5
A bag of meat comes into view. It is wielding a +9 war axe.
Unknown command.
You slash the meat berserker!
You hew the meat berserker savagely.
You kill the meat berserker!
Makhleb accepts your kill.
You slash the bag of meat!
You slaughter the bag of meat joyfully.
You kill the bag of meat!
Makhleb accepts your kill.
You can now gain health from killing.
You hit the bag of meat. You chop the bag of meat into pieces.
You kill the bag of meat!
Makhleb accepts your kill.
You hear a shout!
The meat berserker rages.
You hear a shout! x6
The meat berserker hits you with a +9 battleaxe!!!
Ouch! That really hurt!
You die...

.o.... o ...o.
#.Oo..##.##.....
..o..o.....oo...
.....o..#.#O....
...O....o..o....
.....o..........
.....o.))O......
......oO@)......
........O.......
...#...o...#..o.
. #.O.....# ...
.###.....o.###o..
......###........
O..o..._.........
....#.....#......
....#_.<._#......


You could see 2 large bags of meat, 5 meat berserkers and 17 bags of meat.

Vanquished Creatures
  An ogre (D)
  2 orcs (D)
3 creatures vanquished.

Notes
Turn   | Place    | Note
-------+----------+-------------------------------------------
     0 | D        | Found the +∞ Axe of Woe
     0 | D        | Nonny the Formicid Fighter began the quest for the Orb.
     0 | D        | Reached XP level 1. HP: 18/18 MP: 1/1
     3 | D        | Became a worshipper of Makhleb the Destroyer
     4 | D        | Noticed a bag of meat
     5 | D        | Noticed a bag of meat
     7 | D        | Noticed a bag of meat
     7 | D        | Noticed a bag of meat
     7 | D        | Noticed a bag of meat
     8 | D        | Noticed a meat berserker
     8 | D        | Noticed a bag of meat
     8 | D        | Noticed a bag of meat
     8 | D        | Noticed a bag of meat
     8 | D        | Noticed a bag of meat
     8 | D        | Noticed a bag of meat
     8 | D        | Noticed a bag of meat
     8 | D        | Noticed a bag of meat
     8 | D        | Noticed a meat berserker
     9 | D        | Noticed a meat berserker
     9 | D        | Noticed a meat berserker
     9 | D        | Noticed a bag of meat
     9 | D        | Noticed a bag of meat
     9 | D        | Noticed a bag of meat
     9 | D        | Noticed a large bag of meat
    10 | D        | Noticed a large bag of meat
    10 | D        | Noticed a bag of meat
    10 | D        | Noticed a bag of meat
    10 | D        | Noticed a bag of meat
    10 | D        | Noticed a meat berserker
    10 | D        | Noticed a bag of meat
    11 | D        | Noticed a meat berserker
    11 | D        | Noticed a bag of meat
    12 | D        | Killed a meat berserker
    12 | D        | Killed a bag of meat
    12 | D        | Reached * piety under Makhleb
    12 | D        | Killed a bag of meat
    12 | D        | Annihilated by a meat berserker

Illustrated notes

Levels and vault maps discovered:
D:        meatsprint

Action                   || total
-------------------------++-------
Melee: Executioner's axe ||     1
